 Dungeon Crawl Stone Soup version 0.18.1-48-g4cf74bf (webtiles) character file.

107 Mechanique the Conjurer (level 4, -1/30 HPs)
             Began as a Mummy Wizard on Aug 30, 2016.
             Slain by Grinder (5 damage)
             ... on level 3 of the Dungeon.
             The game lasted 00:08:28 (2822 turns).

Mechanique the Conjurer (Mummy Wizard)              Turns: 2822, Time: 00:08:28

Health: -1/30      AC:  4    Str: 10    XL:     4   Next: 57%
Magic:  6/8        EV: 12    Int: 18    God:
Gold:   160        SH:  0    Dex: 10    Spells: 2 memorised, 6 levels left

rFire  x . .     SeeInvis +     f - +2 dagger (venom)
rCold  + . .     Gourm    .     a - +0 robe
rNeg   + + +     Faith    .     (no shield)
rPois  ∞         Spirit   .     b - +0 hat
rElec  .         Dismiss  .     j - +1 cloak
rCorr  .         Reflect  .     (no gloves)
SustAt .         Harm     .     (no boots)
MR     .....                    p - amulet of rage
Stlth  ++........               (no ring)
                                o - ring of see invisible

@: not resistant to hostile enchantments, unstealthy
A: no food or potions, fire vulnerability, cold resistance 1, negative energy
resistance 3, torment resistance, unbreathing
a: no special abilities


You were on level 3 of the Dungeon.
You were not hungry.

You visited 1 branch of the dungeon, and saw 3 of its levels.

You collected 160 gold pieces.

Inventory:

Hand Weapons
 d - a +0 spear
 f - a +2 dagger of venom (weapon)
Armour
 a - a +0 robe (worn)
 b - a +0 hat (worn)
 j - a +1 cloak (worn)
Jewellery
 o - a ring of see invisible (left hand)
 p - an amulet of rage (around neck)
Scrolls
 e - 2 scrolls of teleportation {unknown}
 g - a scroll of amnesia {unknown}
 h - 2 scrolls of immolation {unknown}
 i - a scroll of fog {unknown}
 k - a scroll of recharging {unknown}
 l - 3 scrolls of identify {unknown}
 m - a scroll of enchant armour {unknown}
 n - a scroll of magic mapping {unknown}
Books
 c - a book of Minor Magic

   Spells                             Type                      Level
   a - Magic Dart                     Conjuration                  1
   b - Blink                          Translocation                2
   c - Call Imp                       Summoning                    2
   d - Repel Missiles                 Charms/Air                   2
   e - Slow                           Hexes                        2
   f - Conjure Flame                  Conjuration/Fire             3
   g - Mephitic Cloud                 Conjuration/Poison/Air       3


   Skills:
 - Level 1.5 Dodging
 - Level 1.5 Stealth
 - Level 3.0 Spellcasting
 + Level 3.6 Conjurations
 - Level 0.7 Summonings
   Level 0.7 Translocations


You had 6 spell levels left.
You knew the following spells:

 Your Spells              Type           Power        Failure   Level  Hunger
a - Magic Dart            Conj           ###.         4%          1    N/A
b - Call Imp              Summ           #.......     21%         2    N/A

Dungeon Overview and Level Annotations

Branches:
Dungeon (3/15)

Altars:
Okawaru
Pakellas

Annotations:
D:3 Grinder


Innate Abilities, Weirdness & Mutations

You do not eat or drink.
Your flesh is vulnerable to fire.
You are immune to poison.
Your flesh is cold resistant.
You are immune to negative energy.
You are immune to unholy pain and torment.
You can survive without breathing.


Message History

Grinder blinks!
Grinder hits you but does no damage.
You closely miss Grinder.
Grinder is almost dead.
Grinder hits you!
* * * LOW HITPOINT WARNING * * *
You are too injured to fight recklessly!
You are too injured to fight recklessly!
You are too injured to fight recklessly!
You are too injured to fight recklessly!
You are too injured to fight recklessly!
Casting: Call Imp
Confirm with . or Enter, or press ? or * to list all spells.
Aiming: Magic Dart
Press: ? - help, Shift-Dir - straight line, f - Grinder
Aim: Grinder (almost dead, poisoned)
The magic dart hits Grinder.
Grinder is almost dead.
Grinder hits you.
You die...

##.## #########.#.##
#.....##.###.## #.....#.## ##.##
#......## ##.# #..(..#†## ##.##
########## #.....##.###.##
#.........
######.#####.#.#########.########
#.####.##.......@........#
.................5########
.......##.#######5# #.######.!.##
#.# #.#####..#..#####.#
........###.5.5.#.###############
#.....>..#..###[#.........%......
#######....####.###§#############
..........##.........# .


You could see Grinder and a friendly white imp (paralysed).

Vanquished Creatures
  A gnoll (D:3)
  4 adders
  2 worms (D:2)
  A giant gecko (D:1)
  2 giant cockroaches (D:1)
  4 hobgoblins
  8 jackals
  2 quokkas (D:2)
  A ball python (D:1)
  10 bats
  3 giant newts
  4 goblins
  5 kobolds
  8 rats
55 creatures vanquished.

Vanquished Creatures (collateral kills)
  A jackal (D:2)
1 creature vanquished.

Vanquished Creatures (others)
  A plant (D:3)
1 creature vanquished.

Grand Total: 57 creatures vanquished

Notes
Turn   | Place    | Note
--------------------------------------------------------------
     0 | D:1      | Mechanique the Mummy Wizard began the quest for the Orb.
     0 | D:1      | Reached XP level 1. HP: 13/13 MP: 4/4
    84 | D:1      | Reached skill level 1 in Conjurations
   219 | D:1      | Reached XP level 2. HP: 17/19 MP: 0/6
   991 | D:2      | Learned a level 2 spell: Call Imp
  1100 | D:2      | Reached XP level 3. HP: 22/24 MP: 0/7
  1662 | D:2      | Reached XP level 4. HP: 28/30 MP: 0/8
  2524 | D:3      | Found an iron altar of Okawaru.
  2624 | D:3      | Found an oddly glowing altar of Pakellas.
  2718 | D:3      | Noticed Grinder
  2822 | D:3      | Slain by Grinder

Skill      XL: |  1  2  3 |
---------------+----------+-----
Conjurations   | 1 2 3 |  3.6
Dodging        | |  1.5
Stealth        | |  1.5
Spellcasting   | |  3.0
Summonings     | |  0.7
Translocations | |  0.7

Action                   |  1- 3 |  4- 6 || total
-------------------------+-------+-------++-------
Melee: Unarmed           |    16 |       ||    16
       Spear             |    21 |       ||    21
       Dagger            |    31 |    34 ||    65
 Cast: Magic Dart        |    61 |    31 ||    92
       Call Imp          |     1 |     4 ||     5
 Stab: Sleeping          |     1 |       ||     1
Armor: Robe              |    24 |     9 ||    33
Dodge: Dodged            |    54 |    20 ||    74
